 Dungeon Crawl Stone Soup version 0.14-a0-2061-g6c6fb9c (webtiles) character file.

4623 Jenx the Impaler (level 10, -5/78 HPs)
             Began as a Minotaur Fighter on Jan 21, 2014.
             Was a Priest of Okawaru.
             Slain by a boring beetle (16 damage)
             ... on Level 10 of the Dungeon.
             The game lasted 00:24:05 (8008 turns).

Jenx the Impaler (Minotaur Fighter)                 Turns: 8008, Time: 00:24:05

HP  -5/78        AC 17     Str 21      XL: 10   Next:  7%
MP   2/4         EV  8     Int  6      God: Okawaru [***...]
Gold 455         SH 23     Dex 13      Spells:  0 memorised,  9 levels left

rFire  . . .     SeeInvis .     a - -1,+0 orc trident
rCold  . . .     Clarity  .     r - +4 scale mail {MR+}
rNeg   . . .     Conserve .     c - +0 shield
rPois  .         rCorr    .     (helmet restricted)
rElec  .         rRot     .     m - +0 elf cloak
SustAb . .       Spirit   .     G - +2 pair of dwarf gloves
rMut   .         Warding  .     (no boots)
Saprov . . .     Stasis   .     (no amulet)
MR     +....                    (no ring)
                                j - +1 ring of dexterity

@: mildly poisoned, heroism, somewhat resistant to hostile enchantments,
unstealthy
A: retaliatory headbutt, horns 2
a: Heroism, Renounce Religion


You were on level 10 of the Dungeon.
You worshipped Okawaru.
Okawaru was most pleased with you.
You were not hungry.

You visited 2 branches of the dungeon, and saw 11 of its levels.
You also visited: Ossuary.

You collected 505 gold pieces.
You spent 50 gold pieces at shops.

Inventory:

Hand weapons
 a - a -1,+0 orcish trident (weapon)
 i - a +2,+2 short sword of draining
 u - a +0,+2 mace of crushing
 x - a cursed -1,-2 orcish whip
 B - a +3,+2 scimitar
Missiles
 D - 10 exploding darts (quivered)
Armour
 c - a +0 shield (worn)
 m - a +0 elven cloak (worn)
 r - a +4 scale mail of magic resistance (worn)
 t - the cursed +3 leather armour of the Ladybird {rC++ Dam+2}
   (You found it on level 6 of the Dungeon)

   It affects your damage-dealing abilities (+2).
   It greatly protects you from cold.
   It has a curse placed upon it.
 v - a +0 mottled dragon hide
 E - the cursed +0 robe of Musmuo Faom {rC+ Str+3 Stlth--, unknown}
   (You found it on level 5 of the Dungeon)

   It affects your strength (+3).
   It protects you from cold.
   It makes you much less stealthy.
   It has a curse placed upon it.
 G - a +2 pair of dwarven gloves (worn)
Magical devices
 h - a wand of frost (1)
 H - a wand of polymorph (14)
 M - a wand of polymorph (14)
 N - a wand of cold (7)
 R - a wand of polymorph (5)
 W - a wand of enslavement (10) {unknown}
Comestibles
 d - 4 bread rations
 f - 3 meat rations
Scrolls
 b - 3 scrolls of amnesia {unknown}
 e - 3 scrolls of remove curse
 l - 3 scrolls of enchant weapon II
 n - 3 scrolls of fear
 q - 2 scrolls of noise {unknown}
 s - 4 scrolls of fog
 y - a scroll of teleportation
 z - 2 scrolls of enchant weapon I {unknown}
 A - 3 scrolls of identify
 C - a scroll of blinking {unknown}
 L - 2 scrolls of magic mapping
 P - a scroll of curse armour {unknown}
 S - a scroll of random uselessness {unknown}
 V - a scroll of torment {unknown}
Jewellery
 j - a +1 ring of dexterity (left hand)
Potions
 g - 3 potions of poison
 k - a potion of agility {unknown}
 o - 4 potions of curing
 p - 3 potions of might {unknown}
 w - 2 potions of restore abilities
 F - 2 potions of heal wounds {unknown}
 I - 2 potions of brilliance {unknown}
 J - 2 potions of invisibility {unknown}
 K - a potion of mutation {unknown}
 O - a potion of berserk rage {unknown}
 Q - 2 potions of resistance {unknown}
 U - a potion of flight {unknown}


   Skills:
 + Level 4.1(9.1) Fighting
 - Level 16.2(21.2) Polearms
 - Level 3.6(8.6) Armour
 - Level 3.6(8.6) Shields


You had 9 spell levels left.
You didn't know any spells.

Dungeon Overview and Level Annotations

Branches:
Dungeon (10/16)            Temple (1/1) D:5
    Orc: D:9-12        Lair: D:8-11

Altars:
Ashenzari
Cheibriados
Dithmengos
Elyvilon
Fedhas
Kikubaaqudgha
Makhleb
Nemelex Xobeh
Okawaru
Sif Muna
Trog
Vehumet
Xom
Yredelemnul
Zin
the Shining One

Shops:
D:4 ?

Annotations:
D:10 Fannar


Innate Abilities, Weirdness & Mutations

You reflexively headbutt those who attack you in melee.
You have a pair of horns on your head.


Message History

It was a potion of poison.
* * * LOW HITPOINT WARNING * * *
You feel sick.
Fannar mumbles some strange words.
The boring beetle barely misses you.
The ice beast hits you but does no damage.
You block the ice beast's attack.
The ice beast hits you but does no damage.
You hear a grinding noise.
Unknown command.
Drink which item? (? for menu, Esc to quit)
You feel refreshed.
It was a potion of restore abilities.
* * * LOW HITPOINT WARNING * * *
You feel sick.
Fannar mumbles some strange words.
The ice beast hits you but does no damage.
You block the ice beast's attack.
The ice beast hits you but does no damage.
The ice beast completely misses you. The boring beetle bites you!
You die...

......<.# #..e.# ........#
#....# ........# #....#
........# I...# ........#
....#
........#########....#######
................B..I........
...............IIe..........
................@B.........
......<.........II.........
..............<............
.........................
.......(...............
......................
....................
################


You could see Fannar, 2 boring beetles and 6 ice beasts.

Vanquished Creatures
  Maurice (D:9)
  The ghost of Deemzul the Covert, an experienced OpAs (D:6)
  Grinder (D:5)
  A hippogriff (D:8)
  A necrophage (D:10)
  An ice beast (Temple)
  A centaur (D:6)
  3 phantoms
  4 ogres
  Sigmund (D:3)
  2 elf zombies (Ossuary)
  A giant frog (D:8)
  6 killer bees (D:9)
  A yak skeleton (D:9)
  A hippogriff skeleton (D:6)
  A quasit (D:4)
  3 crimson imps (D:6)
  3 wights (D:8)
  A centaur zombie (Ossuary)
  5 orc priests
  2 giant frog skeletons
  4 hounds
  2 jellies
  2 iguanas
  10 orc wizards
  2 scorpions
  7 worker ants
  4 big kobold zombies (Ossuary)
  A big kobold skeleton (D:9)
  2 mummies (Ossuary)
  Terence (D:2)
  A hound zombie (D:8)
  8 gnolls
  8 adders
  A giant centipede (D:8)
  A worm zombie (D:5)
  A giant mite (D:1)
  A worm (D:4)
  An iguana zombie (D:7)
  A giant eyeball (D:8)
  4 giant geckos
  42 orcs
  2 ball pythons
  6 giant cockroaches
  14 goblins
  15 hobgoblins
  19 jackals
  An ooze (D:3)
  11 bats
  4 giant newts
  A goblin skeleton (D:4)
  2 goblin zombies (Ossuary)
  7 hobgoblin zombies (Ossuary)
  9 kobolds
  9 kobold zombies (Ossuary)
  2 orc skeletons
  11 orc zombies (Ossuary)
  6 quokkas
  14 rats
  A rat skeleton (D:6)
  2 rat zombies
281 creatures vanquished.

Notes
Turn   | Place    | Note
--------------------------------------------------------------
     0 | D:1      | Jenx, the Minotaur Fighter, began the quest for the Orb.
     0 | D:1      | Reached XP level 1. HP: 19/19 MP: 1/1
   215 | D:1      | Reached XP level 2. HP: 26/26 MP: 1/1
   412 | D:1      | Reached skill level 4 in Polearms
   748 | D:1      | Reached XP level 3. HP: 31/31 MP: 2/2
   996 | D:2      | Reached skill level 5 in Polearms
  1030 | D:2      | Reached XP level 4. HP: 37/39 MP: 2/2
  1068 | D:2      | Found a sparkling altar of Nemelex Xobeh.
  1141 | D:2      | Noticed Terence
  1166 | D:2      | Killed Terence
  1817 | D:3      | Noticed Sigmund
  1827 | D:3      | Reached skill level 6 in Polearms
  1858 | D:3      | Killed Sigmund
  1858 | D:3      | Reached skill level 7 in Polearms
  1858 | D:3      | Reached XP level 5. HP: 10/45 MP: 2/2
  2111 | D:3      | Found a bloodstained altar of Trog.
  2394 | D:3      | Reached XP level 6. HP: 7/51 MP: 3/3
  2926 | D:4      | Reached skill level 8 in Polearms
  3125 | D:4      | Found Geanoof's Magic Scroll Boutique.
  3139 | D:4      | Reached skill level 9 in Polearms
  3153 | D:4      | Bought a scroll of teleportation for 30 gold pieces
  3153 | D:4      | Bought a scroll of identify for 20 gold pieces
  3220 | D:4      | Reached XP level 7. HP: 52/57 MP: 3/3
  3423 | D:4      | Reached skill level 10 in Polearms
  3679 | D:5      | Entered Level 5 of the Dungeon
  3681 | D:5      | Got a thick robe
  3689 | D:5      | Found a staircase to the Ecumenical Temple.
  3689 | D:5      | Noticed Grinder
  3699 | Temple   | Entered the Ecumenical Temple
  3973 | Temple   | Became a worshipper of Warmaster Okawaru
  4028 | D:5      | Killed Grinder
  4028 | D:5      | Reached skill level 11 in Polearms
  4028 | D:5      | Reached XP level 8. HP: 53/64 MP: 3/3
  4148 | D:5      | Reached skill level 12 in Polearms
  4183 | D:5      | Found a blossoming altar of Fedhas.
  4270 | D:5      | Acquired Okawaru's first power
  4500 | D:6      | Noticed Deemzul's ghost (experienced OpAs)
  4507 | D:6      | Killed Deemzul's ghost
  4507 | D:6      | Reached skill level 13 in Polearms
  4581 | D:6      | Found a bloodstained altar of Trog.
  4770 | D:6      | Reached XP level 9. HP: 61/70 MP: 4/4
  4806 | D:6      | Got a jewelled leather armour
  4807 | D:6      | Identified the +3 leather armour of the Ladybird {rC++ Dam+2} (You found it on level 6 of the Dungeon)
  5213 | D:6      | Reached skill level 14 in Polearms
  5872 | D:7      | Found a sand-covered staircase.
  5882 | Ossuary  | Entered an ossuary
  6484 | D:7      | Found an ancient bone altar of Kikubaaqudgha.
  6728 | D:8      | Got a twisted leather armour
  6760 | D:8      | Identified the cursed -2 leather armour "Wischir" {rPois rN+} (You found it on level 8 of the Dungeon)
  6817 | D:8      | Reached skill level 15 in Polearms
  6931 | D:8      | Found a blossoming altar of Fedhas.
  6931 | D:8      | Found a sparkling altar of Nemelex Xobeh.
  6931 | D:8      | Found a shadowy altar of Dithmengos.
  7016 | D:8      | Paralysed by a giant eyeball for 3 turns
  7404 | D:9      | Noticed Maurice
  7493 | D:9      | Killed Maurice
  7493 | D:9      | Reached skill level 16 in Polearms
  7493 | D:9      | Reached XP level 10. HP: 44/77 MP: 4/4
  7947 | D:10     | Entered Level 10 of the Dungeon
  7982 | D:10     | Noticed Fannar
  8008 | D:10     | Slain by a boring beetle

Action                   |  1- 3 |  4- 6 |  7- 9 | 10-12 || total
-------------------------+-------+-------+-------+-------++-------
Melee: Trident           |    83 |   257 |   654 |    19 ||  1013
Throw: Dart              |       |       |       |     3 ||     3
Invok: Heroism           |       |       |     2 |     1 ||     3
Evoke: Wand              |       |     2 |     5 |       ||     7
  Use: Scroll            |       |     1 |     6 |     2 ||     9
       Potion            |       |       |       |     3 ||     3
 Stab: Distracted        |       |     1 |       |       ||     1
